AoeStats
← LRNI_altoguiso

Arena

510205356Analyzed
4v4 RM · 2d ago on Sep 29, 2026· 38m 5s· 8 players
Game mode
Random Map
Map size
Large (8 player)
Population
200
Speed
Normal
Resources
Standard
Victory
Conquest
Starting age
Dark Age
Ending age
Imperial Age
RankedLock teamsTeams togetherTeam positionsShared explorationLock speedFull tech treeHidden civsTurbo modeCheats
Victory
Defeat
🇳🇴 Saxons · Norway
1428
+14
🇨🇱 Cumans · Chile
1388
+16
🇲🇽 Teutons · Mexico
1386
+16
🇨🇳 Bulgarians · China
1320
+18
🇦🇷 Portuguese · Argentina
1438
-18
🇦🇷 Khmer · Argentina
1375
-16
🇨🇦 Romans · Canada
1367
-15
🇨🇴 Italians · Colombia
1366
-15
LRNI_Ghost-Jhon
9:55 Feudal Age
14:53 Castle Age
13:22 Double-Bit Axe
13:31 Stone Mining
14:00 Horse Collar
16:17 Fletching
16:25 Loom
17:27 Bow Saw
20:33 Bodkin Arrow
26:35 Heavy Plow
32:35 Imperial Age
30:41 Wheelbarrow
31:17 Padded Archer Armor
32:24 Leather Archer Armor
32:32 Ballistics
33:09 Forging
34:22 Chemistry
37:21 Stone Shaft Mining
36:36 Gold Mining
LRNI_Bélico
6:48 Loom
9:01 Feudal Age
9:58 Double-Bit Axe
9:53 Horse Collar
14:30 Horse Collar
16:34 Wheelbarrow
20:38 Castle Age
18:48 Gold Mining
19:20 Bloodlines
20:31 Scale Barding Armor
20:37 Forging
21:32 Husbandry
22:15 Chain Barding Armor
26:18 Bow Saw
28:25 Iron Casting
30:23 Gold Shaft Mining
31:04 Hand Cart
30:36 Town Watch
32:37 Heavy Plow
35:43 Imperial Age
35:22 Pikeman
36:02 Squires
37:02 Plate Barding Armor
35:48 Cavalier
36:51 Conscription
38:15 Blast Furnace
37:46 Comitatenses
LRNI_altoguiso
7:37 Loom
9:52 Feudal Age
16:23 Castle Age
37:46 Imperial Age
36:23 Wheelbarrow
LRNI_PanBailarin
1:20 Loom
8:20 Loom
10:18 Feudal Age
14:31 Castle Age
13:55 Double-Bit Axe
14:18 Gold Mining
18:59 Gold Shaft Mining
19:08 Fervor
19:42 Town Watch
20:18 Redemption
21:32 Sanctity
27:01 Sanctity
30:28 Imperial Age
29:34 Pikeman
30:41 Bow Saw
30:15 Horse Collar
30:30 Capped Ram
31:48 Halberdier
Seifer
5:56 Loom
8:30 Feudal Age
8:58 Double-Bit Axe
9:44 Town Watch
20:27 Castle Age
18:44 Horse Collar
21:13 Wheelbarrow
22:53 Bow Saw
25:53 Heavy Plow
26:47 Wheelbarrow
31:31 Stone Mining
34:17 Gold Mining
36:07 Fortified Wall
39:08 Imperial Age
37:11 Hand Cart
38:09 Forging
38:00 Scale Mail Armor
39:14 Iron Casting
Snavle
10:32 Feudal Age
14:36 Castle Age
13:27 Double-Bit Axe
15:28 Horse Collar
19:56 Loom
22:00 Fletching
23:37 Bodkin Arrow
24:23 Wheelbarrow
23:35 Town Watch
26:57 Ballistics
26:39 Gold Mining
30:49 Stone Mining
31:51 Devotion
35:40 Masonry
38:54 Imperial Age
36:43 Hand Cart
36:03 Crossbowman
36:49 Thumb Ring
36:55 Padded Archer Armor
37:39 Sanctity
38:07 Leather Archer Armor
仙逆许木
10:51 Feudal Age
12:07 Double-Bit Axe
14:54 Castle Age
13:05 Horse Collar
16:13 Bow Saw
17:10 Wheelbarrow
21:12 Heavy Plow
25:14 Hand Cart
25:32 Gold Mining
25:33 Stone Mining
30:13 Imperial Age
27:33 Loom
28:27 Gold Shaft Mining
28:33 Husbandry
28:43 Bloodlines
28:31 Stirrups
28:45 Scale Barding Armor
28:51 Forging
29:37 Chain Barding Armor
30:13 Iron Casting
30:31 Elite Konnik
31:58 Plate Barding Armor
32:25 Blast Furnace
31:11 Capped Ram
32:27 Siege Engineers
32:43 Siege Ram
33:50 Fletching
34:53 Heavy Scorpion
37:38 Chemistry
38:28 Stone Shaft Mining
38:39 Ballistics
38:15 Town Watch
Thanos 2022
4:52 Loom
8:18 Feudal Age
8:52 Double-Bit Axe
9:00 Horse Collar
20:19 Castle Age
18:56 Wheelbarrow
18:35 Gold Mining
19:21 Forging
19:36 Scale Barding Armor
21:26 Bloodlines
21:44 Bow Saw
21:37 Heavy Plow
22:36 Chain Barding Armor
25:57 Iron Casting
28:09 Devotion
30:47 Imperial Age
31:06 Cavalier
31:39 Cavalier
34:20 Blast Furnace
34:22 Plate Barding Armor
34:06 Paladin
Connection lost

Rejoining the realm…

Still unreachable

The connection could not be restored.

Session expired

The server has moved on; the page needs a fresh start.